 Dungeon Crawl Stone Soup version 0.28-a0-1213-g0243856f03 (webtiles) character file.

Game seed: 357367079898477140

1677 mcbry74 the Cleaver (level 9, -5/68 HPs)
             Began as a Hill Orc Gladiator on Dec 21, 2021.
             Slain by Maggie (10 damage)
             ... while paralysed by Maggie
             ... on level 6 of the Dungeon.
             The game lasted 00:18:36 (6624 turns).

mcbry74 the Cleaver (Hill Orc Gladiator)            Turns: 6624, Time: 00:18:36

Health: -5/68      AC:  9    Str: 21    XL:     9   Next: 1%
Magic:  9/9        EV:  2    Int: 14    God:
Gold:   289        SH:  0    Dex: 12    Spells: 8/8 levels left

rFire   . . .      SeeInvis .   a - +0 war axe
rCold   . . .      Faith    .   (no shield)
rNeg    . . .      Spirit   .   g - +1 scale mail {rPois}
rPois   +          Reflect  .   c - +0 helmet
rElec   .          Harm     .   (no cloak)
rCorr   .          Rampage  .   (no gloves)
Will    .....                   m - +0 pair of boots
Stlth   ..........              w - amulet of the acrobat
HPRegen 0.21/turn               v - +6 ring of intelligence
MPRegen 0.11/turn               (no ring)

@: paralysed
A: no striking features
a: no special abilities


You were on level 6 of the Dungeon.
You visited 1 branch of the dungeon, and saw 6 of its levels.

You collected 289 gold pieces.

Inventory:

Hand Weapons
 a - a +0 war axe (weapon)
 i - a +2 whip of flaming
 C - a +2 whip of flaming
 D - a +1 spear of venom
 F - a +1 flail of holy wrath
 G - a +1 hand axe of electrocution
 H - a +0 vorpal spear
Missiles
 d - 6 throwing nets
 e - 90 arrows
 o - 36 poisoned darts (quivered)
 r - 19 sling bullets
 s - 92 bolts
Armour
 b - a +0 leather armour
 c - a +0 helmet (worn)
 f - a +0 pair of boots
 g - a +1 scale mail of poison resistance (worn)
 m - a +0 pair of boots (worn)
Jewellery
 q - a ring of wizardry
 v - a +6 ring of intelligence (left hand)
 w - an amulet of the acrobat (around neck)
 z - a ring of fire
Wands
 x - a wand of acid (8)
 y - a wand of charming (5)
Scrolls
 k - 2 scrolls of teleportation
 l - a scroll of fear {unknown}
 n - 2 scrolls of amnesia {unknown}
 t - a scroll of vulnerability {unknown}
 A - a scroll of noise {unknown}
 J - a scroll of silence {unknown}
Potions
 p - a potion of magic {unknown}
 u - 2 potions of curing
 B - a potion of haste {unknown}
 E - a potion of mutation {unknown}
 I - a potion of berserk rage {unknown}


   Skills:
 + Level 2.5 Fighting
 - Level 14.6 Axes
 + Level 0.2(7.9) Maces & Flails
 + Level 1.8 Throwing
 + Level 0.2 Armour
 - Level 2.4 Dodging
 + Level 0.1 Evocations


You had 8 spell levels left.
You didn't know any spells.
Your spell library contained the following spells:

 Spells                   Type           Power      Damage    Failure   Level
 Ensorcelled Hibernation  Hex/Ice        0%         N/A       77%         2
 Ozocubu's Armour         Ice            0%         N/A       94%         3
 Spider Form              Tmut/Pois      0%         N/A       94%         3
 Metabolic Englaciation   Hex/Ice        0%         N/A       100%        5
 Simulacrum               Ice/Necr       0%         N/A       100%        6


Dungeon Overview and Level Annotations

Branches:
Dungeon (6/15)
 Temple: D:4-7

Altars:
Xom

Shops:
D:5 :

Annotations:
D:5 5 runed translucent doors
D:6 Maggie


Message History

You slash Maggie!
Maggie is severely wounded.
Maggie gestures wildly while chanting.
Maggie attempts to bespell you! You resist with almost no effort.
You hit Maggie.
Maggie is severely wounded.
Maggie mumbles some strange words.
Maggie attempts to bespell you!
You are mesmerised by Maggie!
You hit Maggie.
Maggie is almost dead.
You closely miss Maggie.
Maggie is almost dead.
Maggie hits you but does no damage.
You hit Maggie but do no damage.
Maggie is almost dead.
Maggie zaps a wand.
You easily resist.
You hit Maggie but do no damage.
Maggie is almost dead.
Maggie casts a spell at you. The bolt of fire hits you!!
* * * LOW HITPOINT WARNING * * *
You barely miss Maggie.
Maggie is almost dead.
You closely miss Maggie.
Maggie is almost dead.
Maggie zaps a wand.
You suddenly lose the ability to move!
Maggie hits you but does no damage.
Maggie hits you with a +1 vorpal war axe!
* * * LOW HITPOINT WARNING * * *
x2 Maggie hits you with a +1 vorpal war axe.
* * * LOW HITPOINT WARNING * * *
x2 Maggie zaps a wand.
You easily resist.
You break out of your daze.
Maggie gestures wildly while chanting.
Maggie attempts to bespell you! You resist.
Maggie casts a spell.
Maggie attempts to bespell you! You resist.
Maggie hits you with a +1 vorpal war axe!
You die...

#.# ##...## ##
#.## ##...# #.
###### #..#
##..###. #..>.#
##.# #..)...
####.# #.# #.###..
#.# #.## #..####
#.# #..#####.#
#.#####....##.#
####@..###.#...#.#
#....@.....##..#>.
###.....#.........
#####............
#........#.#
#........# .
#.@......#
#........#
#.....)..#


You could see Maggie.

Vanquished Creatures
  Grinder (D:4)
  2 black bears
  An ogre (D:5)
  A centaur (D:5)
  A phantom (D:4)
  A scorpion (D:5)
  A gnoll sergeant (D:5)
  4 jellies
  7 hounds
  A bullfrog skeleton (D:6)
  An orc priest (D:5)
  A gnoll shaman (D:5)
  An iguana (D:4)
  An orc wizard (D:4)
  29 gnolls
  3 adders
  2 adder skeletons
  2 worms
  4 dart slugs
  22 orcs
  7 ball pythons
  15 endoplasms
  2 giant cockroaches
  5 goblins
  2 hobgoblins (D:1)
  16 jackals
  2 quokkas (D:2)
  6 bats
  4 frilled lizards
  22 kobolds
  4 rats
171 creatures vanquished.

Vanquished Creatures (others)
  4 fungi
  7 toadstools (D:2)
11 creatures vanquished.

Grand Total: 182 creatures vanquished

Notes
Turn   | Place    | Note
-------+----------+-------------------------------------------
     0 | D:1      | mcbry74 the Hill Orc Gladiator began the quest for the Orb.
     0 | D:1      | Reached XP level 1. HP: 18/18 MP: 1/1
   254 | D:1      | Reached XP level 2. HP: 21/25 MP: 2/2
   356 | D:1      | Reached skill level 5 in Axes
   766 | D:1      | Reached XP level 3. HP: 30/30 MP: 3/3
  1102 | D:2      | Reached skill level 6 in Axes
  1232 | D:2      | Reached XP level 4. HP: 31/37 MP: 4/4
  1451 | D:2      | Reached skill level 7 in Axes
  1456 | D:2      | Reached XP level 5. HP: 29/42 MP: 5/5
  1861 | D:2      | Reached skill level 8 in Axes
  2222 | D:3      | Found a faded altar of an unknown god.
  2369 | D:3      | Reached XP level 6. HP: 50/50 MP: 6/6
  2611 | D:3      | Reached skill level 9 in Axes
  3049 | D:4      | Found a large runed translucent door.
  3049 | D:4      | Found a large runed translucent door.
  3152 | D:4      | Found a shimmering altar of Xom.
  3504 | D:4      | Noticed a black bear
  3533 | D:4      | Killed a black bear
  3534 | D:4      | Reached skill level 10 in Axes
  3534 | D:4      | Reached XP level 7. HP: 49/56 MP: 7/7
  3650 | D:4      | Noticed Grinder
  3680 | D:4      | Killed Grinder
  3681 | D:4      | Reached skill level 11 in Axes
  4045 | D:5      | Entered Level 5 of the Dungeon
  4125 | D:5      | Reached skill level 12 in Axes
  4125 | D:5      | Reached XP level 8. HP: 62/62 MP: 8/8
  4227 | D:5      | Found Hisk's Book Emporium.
  4290 | D:5      | Found the +9 staff of Olgreb {rPois∞}
  4307 | D:5      | Found a runed translucent door.
  4312 | D:5      | Found a runed translucent gate.
  4312 | D:5      | Found a runed translucent gate.
  4312 | D:5      | Noticed a redback
  4312 | D:5      | Noticed a redback
  4313 | D:5      | Found a runed translucent door.
  4323 | D:5      | Found a runed translucent gate.
  4330 | D:5      | Noticed a redback
  4542 | D:5      | Reached skill level 13 in Axes
  4812 | D:5      | HP: 1/62 [gnoll sergeant (6)]
  5098 | D:5      | Reached skill level 14 in Axes
  6365 | D:6      | Noticed Maggie
  6439 | D:6      | Reached XP level 9. HP: 68/68 MP: 9/9
  6617 | D:6      | Paralysed by Maggie for 7 turns
  6624 | D:6      | Slain by Maggie

Illustrated notes

Levels and vault maps discovered:
D:1:      ncdulo_halloftheorcs, layout_loops_ring
D:2:      cheibrodos_fertilizer, layout_basic
D:3:      layout_basic, basic_ecumenical_altar
D:4:      due_chaos_kobolds, layout_basic, uniq_grinder
D:5:      lemuel_castle_with_subvaults [lemuel_castle_interior_carwin_3],
          layout_basic, serial_shops, nicolae_square_shop,
          minmay_guarded_unrand_staff_of_olgreb
D:6:      layout_rooms, minmay_temple_entry_statues_pillars,
          uniq_crazy_yiuf_cottage, uniq_menkaure, uniq_maggie, uniq_duvessa

Skill      XL: |  1  2  3  4  5  6  7  8 |
---------------+-------------------------+-----
Axes           | 5 6 7 8 10 12 14 | 14.6
Fighting       | |  2.5
Maces & Flails | |  0.2
Throwing       | |  1.8
Armour         | |  0.2
Dodging        | |  2.4
Evocations     | |  0.1

Action                   |  1- 3 |  4- 6 |  7- 9 || total
-------------------------+-------+-------+-------++-------
Melee: War axe           |    90 |   183 |   238 ||   511
Throw: Dart              |       |     6 |    54 ||    60
  Use: Scroll            |       |       |     3 ||     3
Armor: Leather armour    |    42 |       |       ||    42
       Scale mail        |    26 |    90 |    68 ||   184
Dodge: Dodged            |    75 |   104 |   112 ||   291

Table legend: (Time is in decaauts)
 A = Elapsed time spent in this place.
 B = Non-inter-level travel time spent in this place.
 C = Inter-level travel time spent in this place.
 D = Time resting spent in this place.
 E = Time spent auto-exploring this place.
 F = Levels seen in this place.
 G = Mean time per level.
                   A        B        C        D        E       F      G
               +--------+--------+--------+--------+--------+-----+--------+
         Total |   6599 |   6476 |    123 |   1767 |   3210 |   6 | 1099.8 |
       Dungeon |   6599 |   6476 |    123 |   1767 |   3210 |   6 | 1099.8 |
               +--------+--------+--------+--------+--------+-----+--------+

Top non-repeatable levels by time:
     D:5: 2413 daAuts
     D:2: 1227 daAuts
     D:4: 1189 daAuts
     D:1: 999 daAuts
     D:3: 647 daAuts
     D:6: 122 daAuts
